 Dungeon Crawl Stone Soup version 0.32-a0-312-g1d7162e751 (webtiles) character file.

Game seed: 6699105568777242549

633 ssldvbfs the Trooper (level 7, 0/61 HPs)
             Began as a Minotaur Fighter on Feb 15, 2024.
             Was a Follower of Okawaru.
             Slain by Parakeet's ghost (6 damage)
             ... on level 4 of the Dungeon.
             The game lasted 00:05:16 (3335 turns).

ssldvbfs the Trooper (Minotaur Fighter)             Turns: 3335, Time: 00:05:17

Health: 0/61       AC:  7    Str: 23      XL:     7   Next: 24%
Magic:  6/6        EV: 10    Int:  5      God:    Okawaru [*.....]
Gold:   135        SH:  4    Dex:  8 (9)  Spells: 6/6 levels left

rFire   . . .        a - +0 war axe
rCold   . . .        c - +0 buckler
rNeg    . . .        b - +0 scale mail
rPois   .            (helmet restricted)
rElec   .            (no cloak)
rCorr   .            (no gloves)
SInv    .            (no boots)
Will    .....        (no amulet) Stlth
                     (no ring)
HPRegen 0.30/turn    (no ring)
MPRegen 0.10/turn

%: no passive effects
@: no status effects
A: horns 2, retaliatory headbutt
a: Renounce Religion, Heroism


You were on level 4 of the Dungeon.
You worshipped Okawaru.
Okawaru was aware of your devotion.
You visited 2 branches of the dungeon, and saw 5 of its levels.

You collected 135 gold pieces.

Inventory:

Hand Weapons
 a - a +0 war axe (weapon)
Missiles
 e - 2 throwing nets (quivered)
Armour
 b - a +0 scale mail (worn)
 c - a +0 buckler (worn)
Scrolls
 i - 2 scrolls of butterflies
 j - a scroll of teleportation
Potions
 d - a potion of might
 f - 3 potions of curing
 g - 2 potions of resistance
 h - 3 potions of berserk rage
 k - a potion of attraction
 l - a potion of heal wounds {unknown}


   Skills:
 + Level 5.5 Fighting
 + Level 4.8 Axes
 + Level 5.5 Armour
 + Level 3.5 Dodging
 + Level 5.5 Shields


You had 6 spell levels left.
You didn't know any spells.
Your spell library was empty.

Dungeon Overview and Level Annotations

Branches:
Dungeon (4/15)             Temple (1/1) D:4

Altars:
Ashenzari
Cheibriados
Dithmenos
Elyvilon
Fedhas
Gozag
Hepliaklqana
Kikubaaqudgha
Nemelex Xobeh
Okawaru
Qazlal
Ru
Sif Muna
Trog
Uskayaw
Vehumet
Wu Jian
Xom
Yredelemnul
Zin
The Shining One

Shops:
D:4 [

Annotations:
D:4 1 transporter, Parakeet's ghost, novice GnDe


Innate Abilities, Weirdness & Mutations

You have a pair of horns on your head.
You reflexively headbutt those who attack you in melee.


Message History

You feel your dexterity returning.
You are too injured to fight recklessly!
Unknown command.
You are too injured to fight recklessly!
Unknown command.
You are too injured to fight recklessly!
Unknown command.
You are too injured to fight recklessly!
Unknown command.
You are too injured to fight recklessly!
You are too injured to fight recklessly!
You are too injured to fight recklessly!
You miss Parakeet's ghost.
Parakeet's ghost is moderately damaged.
Parakeet's ghost closely misses you.
You closely miss Parakeet's ghost.
Parakeet's ghost is moderately damaged.
Parakeet's ghost hits you!
* * * LOW HITPOINT WARNING * * *
You miss Parakeet's ghost.
Parakeet's ghost is moderately damaged.
Parakeet's ghost closely misses you.
Parakeet's ghost hits you but does no damage.
You slash Parakeet's ghost! Your headbutt misses Parakeet's ghost.
Parakeet's ghost is heavily damaged.
Parakeet's ghost hits you!
* * * LOW HITPOINT WARNING * * *
You closely miss Parakeet's ghost.
Parakeet's ghost is moderately damaged.
Parakeet's ghost hits you.
* * * LOW HITPOINT WARNING * * *
You barely miss Parakeet's ghost.
Parakeet's ghost is moderately damaged.
Parakeet's ghost hits you but does no damage.
You barely miss Parakeet's ghost.
You headbutt Parakeet's ghost, but do no damage.
Parakeet's ghost is moderately damaged.
Parakeet's ghost closely misses you. You furiously retaliate!
You headbutt Parakeet's ghost! Parakeet's ghost hits you.
You die...

#####.###..# ##.####.####
## ##..^#.#####..####.# #.
##.##.............## #.
#######....####.©.####..#
#. .........###.
#####..##.## #.
#######.##.$#..?$.....#..#
#. #.#....###=..##.##.# #.
#.##.#...W.#.....#.# #.
#######..#©..#..@..##..#.#
#.
#........#..##..#......#.#
#. #.######.#....#.
.#...##.#######. #.#
#.##..... #....#..>.......
#.# #..##5###
.#####.######### #.#
##..###©####.....# # #.#
##..........###.# # ..#
#####.########.# #
########## #..........# #


You could see Parakeet's ghost.

Vanquished Creatures
  Grinder (D:4)
  A scorpion (D:4)
  3 quasits (D:4)
  A bombardier beetle (D:4)
  An orc priest (D:4)
  A sleepcap (D:4)
  An iguana (D:4)
  Robin (D:3)
  2 adders (D:4)
  2 ufetubi (D:4)
  A dart slug (D:1)
  3 orcs
  7 ball pythons
  8 bats
  4 endoplasms
  2 giant cockroaches (D:4)
  14 goblins
  8 hobgoblins
  6 jackals (D:4)
  2 quokkas (D:1)
  3 frilled lizards
  2 kobolds (D:2)
  5 rats
79 creatures vanquished.

Notes
Turn   | Place    | Note
-------+----------+-------------------------------------------
     0 | D:1      | ssldvbfs the Minotaur Fighter began the quest for the Orb.
     0 | D:1      | Reached XP level 1. HP: 19/19 MP: 0/0
   125 | D:1      | Reached XP level 2. HP: 23/27 MP: 1/1
   347 | D:1      | Reached skill level 1 in Dodging
   669 | D:2      | Reached XP level 3. HP: 33/33 MP: 2/2
  1416 | D:3      | Found a faded altar of an unknown god.
  1472 | D:3      | Noticed Robin
  1488 | D:3      | Reached XP level 4. HP: 30/40 MP: 3/3
  1501 | D:3      | Killed Robin
  2171 | D:4      | Reached XP level 5. HP: 28/47 MP: 4/4
  2333 | D:4      | Found a staircase to the Ecumenical Temple.
  2346 | Temple   | Entered the Ecumenical Temple
  2363 | Temple   | Became a worshipper of Warmaster Okawaru
  2476 | D:4      | Found a transporter.
  2480 | D:4      | Noticed Parakeet's ghost (novice GnDe)
  2518 | D:4      | Noticed Grinder
  2528 | D:4      | Paralysed by Grinder for 4 turns
  2540 | D:4      | Killed Grinder
  2540 | D:4      | Reached * piety under Okawaru
  2541 | D:4      | Reached skill level 5 in Fighting
  2541 | D:4      | Reached skill level 5 in Armour
  2541 | D:4      | Reached skill level 5 in Shields
  2541 | D:4      | Reached XP level 6. HP: 12/56 MP: 5/5
  2725 | D:4      | Found a transporter.
  2743 | D:4      | Identified the +1 whip of Rubbish {antimagic, Int+3}
  3036 | D:4      | Reached XP level 7. HP: 51/61 MP: 6/6
  3273 | D:4      | Found Eneirec's Armour Shop.
  3335 | D:4      | Slain by Parakeet's ghost

Illustrated notes

Levels and vault maps discovered:
D:1:      lemuel_arrival_behind_the_door_small, layout_rooms, serial_forest,
          infiniplex_forest_end_2, infiniplex_forest_lined_2,
          infiniplex_forest_3_way, infiniplex_forest_end_1,
          infiniplex_forest_corner_1, infiniplex_forest_straight_3,
          infiniplex_forest_side_room
D:2:      layout_basic, amcnicky_mini_corridor_feature
D:3:      layout_basic, basic_ecumenical_altar, uniq_robin
D:4:      layout_loops_ring, temple_fountains, serial_shops, shop,
          gammafunk_ghost_stat_death, uniq_grinder
Temple:   mainiacjoe_temple_trianglar_array

Skill      XL: |  1  2  3  4  5 |
---------------+----------------+-----
Dodging        | 1 2 3 |  3.5
Fighting       | 4 5 |  5.5
Shields        | 4 5 |  5.5
Armour         | 4 5 |  5.5
Axes           | 3 4 |  4.8

Action                     |  1- 3 |  4- 6 |  7- 9 || total
---------------------------+-------+-------+-------++-------
  Melee: War axe           |    73 |    90 |    19 ||   182
         Headbutt          |    11 |    12 |     3 ||    26
 Invoke: Heroism           |       |       |     1 ||     1
    Use: Scroll            |     4 |     7 |       ||    11
 Armour: Scale mail        |    62 |    62 |    39 ||   163
  Dodge: Dodged            |    38 |    64 |    24 ||   126
  Block: Buckler           |    22 |    33 |    15 ||    70

Table legend: (Time is in decaauts)
 A = Elapsed time spent in this place.
 B = Non-inter-level travel time spent in this place.
 C = Inter-level travel time spent in this place.
 D = Time resting spent in this place.
 E = Time spent auto-exploring this place.
 F = Levels seen in this place.
 G = Mean time per level.
                   A        B        C        D        E       F      G
               +--------+--------+--------+--------+--------+-----+--------+
         Total |   3398 |   3277 |    121 |    168 |   2600 |   5 |  679.6 |
       Dungeon |   3289 |   3192 |     97 |     90 |   2600 |   4 |  822.2 |
        Temple |    108 |     84 |     24 |     78 |      0 |   1 |  108.0 |
               +--------+--------+--------+--------+--------+-----+--------+

Top non-repeatable levels by time:
     D:4: 996 daAuts
     D:3: 961 daAuts
     D:2: 698 daAuts
     D:1: 633 daAuts
  Temple: 108 daAuts
